Cogmind - Beta 16 *** ADVENTURER MODE // 2025.11.19 @ 14:56:08 Player: Pixelizer Result: Destroyed by YI-UF0 with YI-UF0's Doublenader Performance ------------- Evolutions (0) 0 Regions Visited (2) 400 Robots Destroyed (10) 50 Value Destroyed (272) 272 Prototype IDs (0) 0 Alien Tech Used (0) 0 Bonus (0) 0 TOTAL SCORE: 722 Bonus ------- None Cogmind --------- Core Integrity 0/250 Matter 300/300 Energy 100/100 System Corruption 0% Temperature Cool (0) Movement Core (50) Location -10/Mines Parts ------- > --- POWER (1) -------- (None) > --- PROPULSION (2) --- (None) > --- UTILITY (2) ------ (None) > --- WEAPON (2) ------- (None) > --- INVENTORY (5) ---- Aluminum Leg Peak State ------------ > --- POWER ------------ Light Ion Engine > --- PROPULSION ------- Aluminum Leg Aluminum Leg > --- UTILITY ---------- Heat Sink > --- WEAPON ----------- Medium Laser Small Laser > --- INVENTORY -------- (None) [Rating: 6] Favorites ----------- Power Light Ion Engine Engine Light Ion Engine Propulsion Aluminum Leg Leg Aluminum Leg Utility Heat Sink Device Heat Sink Weapon Mining Laser Energy Gun Small Laser Special Weapon Mining Laser Build | -11 -10 -10 ------- Run | Yrd Mat Min Slots Evolved . | . . . Power . | . . . Propulsion . | . . . Utility . | . . . Weapon . | . . . Parts Attached 11 | 6 2 3 Power 1 | 1 . . Engine 1 | 1 . . Core . | . . . Reactor . | . . . Propulsion 3 | 2 . 1 Treads . | . . . Leg 3 | 2 . 1 Wheel . | . . . Hover . | . . . Flight . | . . . Utility 1 | 1 . . Device 1 | 1 . . Storage . | . . . Processor . | . . . Hackware . | . . . Protection . | . . . Artifact . | . . . Weapon 6 | 2 2 2 Energy Gun 2 | 2 . . Energy Cannon . | . . . Ballistic Gun . | . . . Ballistic Cannon . | . . . Launcher . | . . . Special Weapon 4 | . 2 2 Impact Weapon . | . . . Slashing Weapon . | . . . Piercing Weapon . | . . . Special Melee Weapon . | . . . Unidentified Prototypes . | . . . Parts Lost 8 | . . 8 Power 1 | . . 1 Propulsion 2 | . . 2 Utility 1 | . . 1 Weapon 4 | . . 4 Highest Loss Streak 5 | . . 5 To Critical Strikes . | . . . Average Backups . | . . . Power . | . . . Propulsion . | . . . Utility . | . . . Weapon . | . . . Tool/Special . | . . . Unused Backups . | . . . Power . | . . . Propulsion . | . . . Utility . | . . . Weapon . | . . . Tool/Special . | . . . Average Slot Usage (%) 70 | . 84 57 Engine 12 | . 14 10 Leg 25 | . 28 22 Device 12 | . 14 10 Energy Gun 11 | . 22 . Special Weapon 9 | . 4 14 Peak Build Rating 6 | 6 6 6 Average Rating 4 | 3 5 3 On Entrance 4 | . 6 6 Avg Prop Armor Cover (%) . | . . . Naked Turns 21 | . . 21 Heaviest Build 7 | 7 7 6 Greatest Support 20 | 20 20 20 Greatest Overweight (x) . | . . . Average Overweight (x) . | . . . Largest Inventory Capacity 5 | 5 5 5 Average Capacity 5 | 5 5 5 Most Carried 2 | . 2 2 Average Carried . | . . . Final Capacity 5 | 5 5 5 Final Carried 2 | . 2 1 Class Distribution -------------------- 100% | Mutant Dominant Class ---------------- Mutant | -10/Materials Mutant | -10/Mines Resources | -11 -10 -10 ----------- Run | Yrd Mat Min Matter Collected 305 | 260 10 35 Remotely . | . . . Salvage Created 276 | 36 134 106 Parts 14 | 2 6 6 Haulers Intercepted . | . . . Recyclers Shooed 1 | . . 1 Parts Field Recycled . | . . . Retrieved Matter . | . . . Parts Self-Destructed . | . . . Prevented . | . . . Parts Restored . | . . . Kills | -11 -10 -10 ------- Run | Yrd Mat Min Combat Hostiles Destroyed 8 | 1 3 4 Guns 4 | 1 3 . Cannons 4 | . . 4 Classes Destroyed 4 | 1 1 2 Recycler 1 | . . 1 Watcher 1 | . 1 . Swarmer 2 | . . 2 Grunt 6 | 1 3 2 Best Kill Streak 6 | 1 2 6 Combat Bots Only 4 | 1 2 4 Max Kills in Single Turn 2 | 1 1 2 Gunslinging . | . . . Exploded . | . . . Melee . | . . . Uniques/NPCs Destroyed . | . . . Combat | -11 -10 -10 -------- Run | Yrd Mat Min Hostile Shots Fired 84 | 2 10 72 Missed 22 | 2 2 18 Hits 62 | . 8 54 Projectile 62 | . 8 54 AOE 13 | . . 13 Critical Strikes 1 | . 1 . Damage Taken 737 | . 73 664 Core 258 | . 20 238 Absorbed by Shields . | . . . Ignored by Resistances 215 | . 22 193 Core Remaining (%) 100 | 100 . . Volleys Fired 21 | 2 11 8 Largest 2 | 2 2 2 Hottest 200 | 90 200 200 Shots Fired 38 | 4 22 12 Gun 24 | 4 20 . Cannon . | . . . Launcher . | . . . Special 14 | . 2 12 Kinetic . | . . . Thermal 38 | 4 22 12 Explosive . | . . . Electromagnetic . | . . . Robot Hit Streak 24 | 3 20 24 Robot Miss Streak 1 | 1 . 1 Penetration Max . | . . . Secondary Targets . | . . . Shots Hit Robots 28 | 3 17 8 Core Hits 16 | 2 8 6 Critical Kills . | . . . Critical Parts Destroyed . | . . . Critical Strikes 2 | . 2 . Burn 2 | . 2 . Melee Attacks . | . . . Impact . | . . . Slashing . | . . . Piercing . | . . . Sneak Attacks . | . . . Combat Hostiles . | . . . Follow-up Attacks . | . . . Damage Inflicted 473 | 36 221 216 Guns 233 | 36 197 . Cannons . | . . . Explosions . | . . . Melee . | . . . Ramming . | . . . Kinetic . | . . . Thermal 473 | 36 221 216 Explosive . | . . . Electromagnetic . | . . . Impact . | . . . Slashing . | . . . Piercing . | . . . Highest Corruption . | . . . Average Corruption . | . . . Corruption Purged . | . . . Corruption Blocked . | . . . Overload Shots . | . . . Overflow Damage . | . . . Projectiles . | . . . Explosions . | . . . Melee . | . . . Knockbacks . | . . . Impact . | . . . Kinetic . | . . . Secondary . | . . . Self-Inflicted Damage . | . . . Shots . | . . . Rammed . | . . . Targets Rammed . | . . . Kicked . | . . . Crushed . | . . . Highest Temperature 60 | 60 36 42 Average Temperature 24 | 31 23 21 Received Heat Transfer 159 | . 72 87 Siege Activations . | . . . Martial Activations . | . . . Shielding Activations . | . . . Robots Disrupted . | . . . Combat Hostiles . | . . . Robots Corrupted . | . . . Combat Hostiles . | . . . Parts Fried . | . . . Impact Corruptions . | . . . Robots Melted . | . . . Combat Hostiles . | . . . Parts Melted 5 | . 5 . Heat Transferred 1280 | 99 731 450 Parts Sabotaged . | . . . Parts Stolen . | . . . Parts Stripped . | . . . Power Chain Reactions . | . . . Alert | -11 -10 -10 ------- Run | Yrd Mat Min Maximum Alert Level . | . . . Low Security (%) 100 | 100 100 100 Level 1 . | . . . Level 2 . | . . . Level 3 . | . . . Level 4 . | . . . Level 5 . | . . . High Security . | . . . Max Security . | . . . Peak Influence 77 | 20 65 77 Initial 20 | . 11 20 Average 25 | 3 23 40 Influence Increases 220 | 20 92 108 Destroy 0b10 Robot/C 160 | 20 60 80 Destroy 0b10 Robot/NC 10 | . 5 5 Destroy Leader 32 | . 12 20 Destroy Structure 3 | . . 3 Partial Spotted 15 | . 15 . Influence Decreases 220 | . 50 170 Entered New Map 51 | . 9 42 Time Decay 99 | . 41 58 Lost Part 70 | . . 70 Squads Dispatched . | . . . Investigation . | . . . Extermination . | . . . Reinforcement . | . . . Assault . | . . . Garrison . | . . . Intercept . | . . . Searches Triggered . | . . . Construction Impeded . | . . . Haulers Reinforced . | . . . Active Scanning Responses . | . . . Cargo Convoy Interrupts . | . . . Stealth | -11 -10 -10 --------- Run | Yrd Mat Min Distress Signals . | . . . Communications Jammed . | . . . Distress Signals . | . . . Times Spotted 13 | 1 4 8 Peak Tracking Total 4 | . 2 4 Tactical Retreats 2 | . . 2 Traps | -11 -10 -10 ------- Run | Yrd Mat Min Traps Triggered 1 | . 1 . Indirectly . | . . . Trap Hack Attempts . | . . . Triggered . | . . . Disarmed . | . . . Reprogrammed . | . . . Reused . | . . . Traps Extracted . | . . . Installed . | . . . Triggered . | . . . Machines | -11 -10 -10 ---------- Run | Yrd Mat Min Machines Disabled . | . . . Max in Single Turn . | . . . Machines Repaired . | . . . Machines Dismantled . | . . . Machines Sabotaged . | . . . Overloaded Fab Kills . | . . . Hacking | -11 -10 -10 --------- Run | Yrd Mat Min Machines Accessed 1 | . . 1 Terminals 1 | . . 1 Fabricators . | . . . Repair Stations . | . . . Recycling Units . | . . . Scanalyzers . | . . . Garrison Access . | . . . Total Hacks 4 | . . 4 Successful 2 | . . 2 Failed 2 | . . 2 Catastrophic 1 | . . 1 Database Lockouts . | . . . Manual 2 | . . 2 Terminals 4 | . . 4 Fabricators . | . . . Repair Stations . | . . . Recycling Units . | . . . Scanalyzers . | . . . Garrison Access . | . . . Terminal Hacks 2 | . . 2 Record 2 | . . 2 Fabricator Hacks . | . . . Repair Station Hacks . | . . . Recycling Unit Hacks . | . . . Scanalyzer . | . . . Garrison Access Hacks . | . . . Unauthorized Hacks . | . . . Terminals . | . . . Fabricators . | . . . Repair Stations . | . . . Recycling Units . | . . . Scanalyzers . | . . . Garrison Access . | . . . Data Cores Recovered . | . . . Used . | . . . Hacking Detections 1 | . . 1 Full Trace Events 1 | . . 1 Feedback Events . | . . . Feedback Blocked . | . . . Robot Schematics Acquired . | . . . Robots Built . | . . . Authchips . | . . . Time . | . . . Total Robot Build Rating . | . . . Part Schematics Acquired . | . . . Parts Built . | . . . Authchips . | . . . Time . | . . . Total Part Build Rating . | . . . Part Studies Acquired . | . . . Parts Repaired . | . . . Time . | . . . Parts Recycled . | . . . Recycled Matter . | . . . Retrieved Matter . | . . . Retrieved Components . | . . . Parts Scanalyzed . | . . . Part Schematics Acquired . | . . . Parts Damaged . | . . . Bothacking | -11 -10 -10 ------------ Run | Yrd Mat Min Used RIF Installer . | . . . Robots Hacked . | . . . Non-combat . | . . . Combat . | . . . Robot Hacks Applied . | . . . Relay Couplers Released . | . . . Fabnet Peak Effective % . | . . . Robots Rewired . | . . . Allies Hacked . | . . . Hacks Repelled . | . . . Allies | -11 -10 -10 -------- Run | Yrd Mat Min Total Allies . | . . . Largest Group . | . . . Highest-Rated Group . | . . . Highest-Rated Ally . | . . . Total Orders . | . . . Ally Attacks . | . . . Total Damage . | . . . Kills . | . . . Allies Corrupted . | . . . Allies Melted . | . . . Intel | -11 -10 -10 ------- Run | Yrd Mat Min Active Infowar (turns) . | . . . Robot Analysis Total . | . . . Derelict Logs Recovered . | . . . Drone Launches . | . . . Drone Recoveries . | . . . Exploration | -11 -10 -10 ------------- Run | Yrd Mat Min Turns Passed 354 | 77 134 143 Spaces Moved 239 | 61 75 103 Core 56 | 15 . 41 Treads . | . . . Legs 183 | 46 75 62 Wheels . | . . . Hover . | . . . Flight . | . . . Fastest Speed 50 | 50 120 50 Average Speed 103 | 102 120 92 Slowest Speed 120 | 120 120 120 Overloaded Moves . | . . . Propulsion Burnouts . | . . . Robots Hopped . | . . . Potential Cave-ins . | . . . Cave-ins Triggered . | . . . Exploration Rate (%) 17 | 8 18 27 Regions Visited 2 Branch Regions 1 Pre-discovered Areas . | . . . Known Exits Taken . | . . . Unknown Exits Taken 2 | 1 1 . Scrap Searched . | . . . Spaces Dug . | . . . Terrain Destroyed 3 | . . 3 Melee . | . . . Projectile 3 | . . 3 AOE . | . . . Terrain Rammed . | . . . Walls Destroyed . | . . . Machines Disabled . | . . . Actions | -11 -10 -10 --------- Run | Yrd Mat Min Total 274 | 68 92 114 Wait . | . . . Move 237 | 60 74 103 Hop . | . . . Pick Up 2 | . 2 . Fast Attach 9 | 6 3 . Attach 2 | . . 2 Detach . | . . . Swap 1 | . . 1 Drop 2 | . 2 . Fire 21 | 2 11 8 Melee . | . . . Ram . | . . . Kick . | . . . Crush . | . . . Escape Stasis . | . . . Rewire . | . . . Trap . | . . . Miscellaneous . | . . . Route ------- -11/Scrapyard -10/Materials (discovered 2 exits: *Min x2) -10/Mines History --------- Turn | Location | Event 2 | -11/Scrapyard | Met Revision 17 57 | -11/Scrapyard | Discovered new exit (range 8) 78 | -11/Scrapyard | Entered Materials 89 | -10/Materials | Discovered new exit (range 12) 167 | -10/Materials | Discovered new exit (range 5) 212 | -10/Materials | Entered Mines 284 | -10/Mines | Lost 3 parts (3w) 300 | -10/Mines | Build established: Mutant 335 | -10/Mines | Core integrity fell below 50% 355 | -10/Mines | Destroyed by YI-UF0 with YI-UF0's Doublenader Last Messages --------------- the generation efficiency of its standard version but minimizes built-in battery space to reduce weight for certain robot designs, especially those with strict weight restrictions such as hovering and flight-based models. [Achievement: Organ Harvest] You may prefer to play using a different font style. Try some of the others via the option menu's second option. 00311_ Pressure Siphon disabled. 00314_ Mining Laser destroyed. 00314_ Lgt. Ion Engine destroyed. 00314_ Heat Sink destroyed. 00318_ Aluminum Leg destroyed. 00321_ The unstable cave ceiling collapses. 00331_ YI-UF0 mumbles something. 00334_ Aluminum Leg destroyed. 00353_ YI-UF0 mumbles something. [Achievement: First Step to Greatness] Map ----- +----------------------------------------------------+ | ???????????????????????## ##??????????????????? | | ???????????????????????# ##?????????????????? | | ??????????????????????? #?????????????????? | | ???????????????????????? ##????????????????? | | ????????????????# ??????# ##???????????????? | | ???????????????## ###### ##??????????????? | | ???????????????? ##?????????????? | | ??????????????????? #?????????????? | | ????????????????????? # """ ##????????????? | | ????????????????????# # """ ##???????????? | | ????????????????????# # "" #???????????? | | ???????????????????## # # %! # % ???????? | | ???????????????????? # ???????? | | ???????????????????## # ???????? | | ???????????????????# ## ## # ??????? | | ???????????????????# ##?# # ###???????? | | ???????????????????# ##??###? ##?????????? | | ?????????????#####?# #??????? ##??????????? | | ????????????## ### #????????#???????????? | | ???????????## % ##????????????????????? | | ???????????# ###???????????????????? | | ???????????# #### ##??????????????????? | | ???????????# ##??## ###????????????????? | | ???????????#![###????# g #########??????#?? | | ??????????##= ###????# ###??? #?? | | ????????#### ##???### @ ### ### | | ????????# =%= #??## ##### | | ????????# #??# # #???# """ | | ????????# """#??# #######???## """ ### | | ???????## """#??# #### ######## """ ##?? | | ???????#T """#?## ### ##??? | | ???????## #?# ## ##???? | | ????????########?# ###### ##????? | | ?????????????????## #######????# #?????? | | ??????????????????## ## ##??????????# #?????? | | ???????????????????########???????????## #?????? | | ????????????????????????????????????????# ##?????? | | ?????????????????????????????????????????##??????? | | ?????????????????????????????????????????????????? | | ?????????????????????????????????????????????????? | | ?????????????????????????????????????????????????? | | | | | | | | | | | | | | | | | | | +----------------------------------------------------+ Best States ------------- Heat Dissipation 35 Energy Generation 10 Energy Capacity 125 Matter Stores 300 Matter Capacity 300 Sight Range 16 Terrain Scan Density 10 Resistance: KI 20 Resistance: TH 20 Resistance: EX 20 Resistance: EM 20 Resistance: I 20 Resistance: S 20 Resistance: P 20 Evasion (%) 55 Offensive Hacking 10 Item Schematics ----------------- None Robot Schematics ------------------ None Fabricated ------------ Nothing Repaired ---------- Nothing Studied --------- None Alien Tech Used ----------------- None Achievements -------------- Crack Shot First Step to Greatness Organ Harvest There's More Where That Came From Challenges ------------ None Game ------ Seed EnergyLightpackReconstructor Manual? 0 Play Time 00:06:28 Cumulative 0.0 hours Start 2025.11.19 @ 14:51:18 End 2025.11.19 @ 14:56:08 Sessions 1 Manual Loads 0 Difficulty Adventurer Special Mode None Game No. 1 Rogue 0 Adventurer 1 Explorer 0 Win Type - Total 0 Types 0/0/0/0/0/0/0/0/0/0 Lore% 0 Gallery% 0 Achievement% 0 Wizard Run 0 Options --------- Layout 1 ASCII 0 Keyboard 0 Movement Mouse Keybinds 0 Fullscreen 1 Font 24/Smallcaps Map View 50x35 Zoom Use 1% Tactical HUD 1 Map Filters NONE Filters NONE Steam 0 RUN: 5c374467-02ed-4d52-ab22-2b0df2e11307